 Dungeon Crawl Stone Soup version 0.17-a0-1635-gd4e48f1 (webtiles) character file.

450 ololoev the Conjurer (level 6, 0/67 HPs)
             Began as a Draconian Air Elementalist on Aug 4, 2015.
             Slain by a wyvern (11 damage)
             ... on level 4 of the Dungeon.
             The game lasted 00:09:31 (3906 turns).

ololoev the Conjurer (Draconian Air Elementalist)   Turns: 3906, Time: 00:09:31

Health: 0/67       AC: 23    Str: 10    XL:     6   Next: 74%
Magic:  11/11      EV:  2    Int: 18    God:
Gold:   163        SH:  0    Dex: 11    Spells: 1 memorised, 11 levels left

rFire  . . .     SeeInvis .     f - +1 spear (venom)
rCold  . . .     Clarity  .     (armour unavailable)
rNeg   + + +     SustAt   .     (no shield)
rPois  +         Gourm    .     (helmet currently unavailable)
rElec  .         Spirit   .     (cloak currently unavailable)
rCorr  +         Warding  .     (gloves currently unavailable)
rMut   .         NoTele   +     (boots currently unavailable)
MR     .....                    m - amulet of resist corrosion
Stlth  ++........               (no ring)
                                (no ring)

@: tree-form, not resistant to hostile enchantments, unstealthy
A: unfitting armour, (cold-blooded), AC +6
a: no special abilities


Innate Abilities, Weirdness & Mutations

((Your plain brown scales are hard (AC +6).))
Your body does not fit into most forms of armour.
((You are cold-blooded and may be slowed by cold attacks.))

Inventory:

Hand weapons
 f - a +1 spear of venom (weapon)
Armour
 d - a +0 cloak (melded)
Jewellery
 m - an amulet of resist corrosion (around neck)
Scrolls
 i - a scroll of teleportation
 p - a scroll of enchant armour {unknown}
 q - a scroll of remove curse {unknown}
Potions
 g - a potion of might {unknown}
 j - a potion of cancellation {unknown}
 l - a potion of degeneration {unknown}
 n - a potion of lignification
 o - a potion of heal wounds {unknown}
 r - a potion of mutation {unknown}
Books
 a - a book of Air

   Spells                             Type                      Level
   a - Shock                          Conjuration/Air              1
   b - Swiftness                      Charms/Air                   2
   c - Repel Missiles                 Charms/Air                   2
   d - Static Discharge               Conjuration/Air              3
   e - Lightning Bolt                 Conjuration/Air              5
Comestibles
 b - 5 bread rations
 c - 2 royal jellies
 h - 3 meat rations
 k - 3 slices of pizza


   Skills:
 - Level 1.7 Dodging
 - Level 1.7 Stealth
 + Level 3.6 Spellcasting
 * Level 5.1 Conjurations
 + Level 4.5 Air Magic


You had 11 spell levels left.
You knew the following spells:

 Your Spells              Type           Power        Failure   Level  Hunger
a - Shock                 Conj/Air       ###.         1%          1    None


You were on level 4 of the Dungeon.
You were very hungry.
You were a tree.
You visited 1 branch of the dungeon, and saw 4 of its levels.

You collected 163 gold pieces.

##### .... # ...
.###.# .. ...#.#
# #.. # .....#
#. #.# .# .#.###
.##.###.# # ...#
# .......#.#
#)####..#
#l.....#.#
........#
#♣.......#
##.####.#
#......##
......#.#
#......#######
........#
###..........<
......#.#
#..........#
......#.#
#..........#
......#.#
#......<...#
..).....#####
#..........#####
....÷....(..#
#...............

Notes
Turn   | Place    | Note
--------------------------------------------------------------
     0 | D:1      | ololoev the Draconian Air Elementalist began the quest for the Orb.
     0 | D:1      | Reached XP level 1. HP: 14/14 MP: 3/3
   473 | D:1      | Reached XP level 2. HP: 20/20 MP: 1/5
   948 | D:1      | Reached XP level 3. HP: 22/26 MP: 0/6
  1294 | D:2      | Found a basalt altar of Yredelemnul.
  1399 | D:2      | Noticed Terence
  1407 | D:2      | Killed Terence
  1407 | D:2      | Reached XP level 4. HP: 29/33 MP: 6/8
  1432 | D:2      | Found a shadowy altar of Dithmenos.
  1438 | D:2      | Found a sparkling altar of Nemelex Xobeh.
  1439 | D:2      | Found a bloodstained altar of Trog.
  1443 | D:2      | Found a glowing golden altar of the Shining One.
  1855 | D:2      | Found a stormy altar of Qazlal.
  2182 | D:2      | You fall through a shaft!
  2516 | D:3      | Reached XP level 5. HP: 32/38 MP: 9/9
  2805 | D:3      | Reached skill level 4 in Air Magic
  2943 | D:3      | Found a sparkling altar of Nemelex Xobeh.
  3276 | D:4      | Noticed Grinder
  3277 | D:4      | Noticed Robin
  3301 | D:4      | Paralysed by Grinder for 2 turns
  3310 | D:4      | Killed Robin
  3327 | D:4      | Killed Grinder
  3327 | D:4      | Reached skill level 5 in Conjurations
  3327 | D:4      | Reached XP level 6. HP: 15/45 MP: 0/11
  3892 | D:4      | Noticed a wyvern
  3906 | D:4      | Slain by a wyvern

Dungeon Overview and Level Annotations

Branches:
Dungeon (4/15)
 Temple: D:4-7

Altars:
Dithmenos
Nemelex Xobeh
Qazlal
Trog
Yredelemnul
The Shining One


Message History

You tail-slap the wyvern, but do no damage.
The wyvern is heavily wounded.
The wyvern closely misses you. The wyvern bites you.
Drink which item? (? for menu, Esc to quit)
You turn into a tree.
Your +0 cloak melds into your body.
Your roots penetrate the ground.
The wyvern bites you but does no damage.
Drink which item? (? for menu, Esc to quit)
You are confused.
You feel invigorated.
The wyvern bites you but does no damage.
The wyvern bites you.
You cannot move. (Use ctrl+direction to attack without moving.)
You cannot move. (Use ctrl+direction to attack without moving.)
The wyvern bites you but does no damage.
The wyvern bites you.
The wyvern bites you but does no damage.
The wyvern bites you but does no damage.
You feel less invigorated.
You feel less confused.
The wyvern bites you but does no damage. x2
You closely miss the wyvern.
The wyvern is heavily wounded.
The wyvern bites you but does no damage.
You barely miss the wyvern.
The wyvern is severely wounded.
The wyvern bites you!
The wyvern bites you but does no damage.
You barely miss the wyvern.
The wyvern is severely wounded.
The wyvern looks more healthy.
The wyvern bites you.
The wyvern bites you but does no damage.
You hit the wyvern but do no damage.
The wyvern is severely wounded.
The wyvern bites you but does no damage.
You hit the wyvern.
The wyvern is poisoned.
The wyvern is severely wounded.
The wyvern bites you but does no damage.
The wyvern bites you!
You die...

You could see a wyvern.

Vanquished Creatures
  Grinder (D:4)
  Terence (D:2)
  A worker ant (D:4)
  Robin (D:4)
  A gnoll (D:1)
  8 adders
  3 oozes
  3 worms
  A giant gecko (D:1)
  7 orcs
  4 bats
  5 giant cockroaches
  9 hobgoblins
  5 jackals
  2 ball pythons (D:2)
  2 giant newts (D:3)
  13 goblins
  11 kobolds
  2 quokkas
  8 rats
88 creatures vanquished.

Action                   |  1- 3 |  4- 6 || total
-------------------------+-------+-------++-------
Melee: Unarmed           |     4 |       ||     4
       Spear             |    56 |   197 ||   253
 Cast: Shock             |    20 |    17 ||    37
  Use: Scroll            |       |     4 ||     4
       Potion            |       |     2 ||     2
 Stab: Sleeping          |       |     3 ||     3
  Eat: Chunk             |     2 |     7 ||     9

Vault maps used:
D:1:      dpeg_arrival_boxes_within_box
D:2:      nicolae_overflow_crystal_walls, lemuel_crystal_altar, minitemple,
          kennysheep_generic_room_11, uniq_terence
D:3:      first_bread, lemuel_statue_altar
D:4:      cheibriados_altar_wand_db, uniq_grinder, uniq_edmund, uniq_robin
